 Dungeon Crawl Stone Soup version 0.28.0-45-g0d030f2227 (webtiles) character file.

Game seed: 4390298909436497073

2524 NinjaNoafa the Protected (level 9, -2/123 HPs)
             Began as a Minotaur Fighter on Apr 9, 2022.
             Slain by a manticore (3 damage)
             ... on level 6 of the Dungeon.
             The game lasted 00:19:19 (7197 turns).

NinjaNoafa the Protected (Minotaur Fighter)         Turns: 7197, Time: 00:19:20

Health: -2/123     AC: 31    Str: 22 (23) XL:     9   Next: 29%
Magic:  8/8        EV:  2    Int:  3 (5)  God:
Gold:   309        SH:  0    Dex: 11 (12) Spells: 8/8 levels left

rFire   . . .      SeeInvis .   o - +1 short sword (protect)
rCold   . . .      Faith    .   (no shield)
rNeg    + . .      Spirit   .   (armour currently unavailable)
rPois   +          Reflect  .   (helmet currently unavailable)
rElec   .          Harm     .   (cloak currently unavailable)
rCorr   +          Rampage  .   (gloves currently unavailable)
Will    .....      NoTele   +   (boots currently unavailable)
Stlth   +.........              (no amulet)
HPRegen 0.30/turn               i - ring of positive energy
MPRegen 0.11/turn               t - ring of resist corrosion

@: tree-form, weak-willed, under a protective aura
A: stationary, stasis, torment immunity, boosted hp, (horns 2), (retaliatory
headbutt), (hooves 1), (fire resistance 1), (electricity resistance)
a: no special abilities


You were on level 6 of the Dungeon.
You were a tree.
You visited 1 branch of the dungeon, and saw 6 of its levels.

You collected 309 gold pieces.

Inventory:

Hand Weapons
 a - a +0 lajatang
 o - a +1 short sword of protection (weapon)
 s - a +2 flail
Missiles
 j - 7 javelins (quivered)
 r - 12 boomerangs
Armour
 b - a +0 scale mail
 c - a +0 buckler
 k - a +0 chain mail
 w - a +3 plate armour (melded)
Jewellery
 i - a ring of positive energy (left branch)
 t - a ring of resist corrosion (right branch)
 u - a ring of ice
Wands
 q - a wand of charming (6)
 x - a wand of digging (6)
Scrolls
 g - a scroll of amnesia
Potions
 B - 2 potions of degeneration


   Skills:
 + Level 8.8 Fighting
 - Level 4.1(6.9) Maces & Flails
 - Level 8.7(9.1) Staves
 + Level 8.8 Armour
 - Level 5.0 Shields


You had 8 spell levels left.
You didn't know any spells.
Your spell library contained the following spells:

 Spells                   Type           Power      Damage    Failure   Level
 Freeze                   Ice            0%         1d3       52%         1
 Frozen Ramparts          Ice            0%         1d2       88%         3
 Hailstorm                Conj/Ice       0%         3d3       99%         4


Dungeon Overview and Level Annotations

Branches:
Dungeon (6/15)
 Temple: D:4-7

Altars:

Shops:
D:5 [


Innate Abilities, Weirdness & Mutations

You are a tree.
Your roots penetrate the ground, keeping you stationary.
You cannot be teleported.
You are immune to unholy pain and torment.
Your maximum health is greatly increased.
Your equipment is partially melded.
((You have a pair of horns on your head.))
((You reflexively headbutt those who attack you in melee.))
((You have large cloven feet.))
((Your flesh is heat resistant. (rF+)))
((You are resistant to electric shocks. (rElec)))


Message History

s - a +2 flail (weapon)
You barely miss the manticore.
The manticore is lightly wounded.
The manticore bites you but does no damage.
The manticore completely misses you.
The manticore claws you but does no damage.
The adder bites you but does no damage.
Your +1 short sword of protection hums with potential!
o - a +1 short sword of protection (weapon)
The manticore barely misses you.
The manticore claws you but does no damage. x2
You hit the manticore.
Your weapon exudes an aura of protection.
The manticore is lightly wounded.
The adder bites you but does no damage.
The manticore bites you but does no damage.
The manticore claws you but does no damage. x2
The adder bites you but does no damage.
You hit the manticore.
The manticore is moderately wounded.
The adder bites you.
* * * LOW HITPOINT WARNING * * *
The manticore bites you but does no damage.
The manticore barely misses you.
The manticore claws you but does no damage.
You hit the adder.
The adder is almost dead.
You carefully extract the barbed spikes from your body.
The adder bites you but does no damage.
The manticore bites you but does no damage.
The manticore claws you but does no damage.
The manticore claws you!
* * * LOW HITPOINT WARNING * * *
You closely miss the adder.
The adder is almost dead.
The adder bites you but does no damage. The manticore bites you!
* * * LOW HITPOINT WARNING * * *
The manticore claws you but does no damage.
The manticore claws you.
You die...

*,,,,<#...#
##.....
*,****#...#
#...... *,*
#...#
#......
*,**####.##
#......
*,,,,.,#.#
#......
*****#.#.#
#......
###'#'###
#......
##.......#
#######
#.....♣..#
#....SH..#
#...<....#
##.......#
#.......#
#..!....#
#......(#**
#....(...,*
****,,,,,,*


You could see a manticore (weak-willed) and an adder (weak-willed).

Vanquished Creatures
  A two-headed ogre (D:5)
  Sigmund (D:3)
  A vampire mosquito (D:6)
  A sky beast (D:6)
  An orc warrior (D:6)
  2 black bears
  2 ogres
  A necrophage (D:6)
  A phantom (D:5)
  Blork the orc (D:5)
  2 scorpions (D:5)
  A wyvern zombie (D:3)
  2 howler monkeys
  6 hounds
  A bullfrog skeleton (D:6)
  A jelly (D:6)
  Jessica (D:2)
  2 iguanas
  2 orc wizards (D:3)
  2 hound skeletons
  A howler monkey zombie (D:5)
  4 gnolls
  5 adders
  A white imp (D:6)
  An ufetubus (D:5)
  2 worms (D:3)
  3 dart slugs
  21 orcs
  2 endoplasms
  3 giant cockroaches (D:2)
  3 goblins
  5 hobgoblins
  3 jackals (D:1)
  4 kobolds
  6 quokkas
  11 ball pythons
  7 bats
  6 frilled lizards
  2 rats (D:1)
122 creatures vanquished.

Vanquished Creatures (others)
  A vampire mosquito (D:6)
  11 demonic plants (D:1)
  2 fungi (D:1)
  2 plants (D:1)
  4 withered plants (D:1)
20 creatures vanquished.

Grand Total: 142 creatures vanquished

Notes
Turn   | Place    | Note
-------+----------+-------------------------------------------
     0 | D:1      | NinjaNoafa the Minotaur Fighter began the quest for the
                  | Orb.
     0 | D:1      | Reached XP level 1. HP: 19/19 MP: 0/0
   191 | D:1      | Reached XP level 2. HP: 23/27 MP: 1/1
   403 | D:1      | Found a faded altar of an unknown god.
   731 | D:1      | Reached XP level 3. HP: 30/33 MP: 2/2
  1530 | D:2      | Noticed Jessica
  1536 | D:2      | Killed Jessica
  1537 | D:2      | Reached XP level 4. HP: 38/41 MP: 3/3
  2247 | D:3      | Reached skill level 5 in Fighting
  2247 | D:3      | Reached skill level 5 in Armour
  2247 | D:3      | Reached XP level 5. HP: 25/48 MP: 4/4
  2263 | D:3      | Noticed Sigmund
  2467 | D:3      | Killed Sigmund
  2468 | D:3      | Reached XP level 6. HP: 54/57 MP: 5/5
  2770 | D:3      | Reached skill level 5 in Shields
  3218 | D:4      | Reached skill level 1 in Staves
  3218 | D:4      | Reached XP level 7. HP: 39/63 MP: 6/6
  4066 | D:5      | Entered Level 5 of the Dungeon
  4066 | D:5      | Found Jiaciwk's Armour Emporium.
  4691 | D:5      | Noticed a two-headed ogre
  4702 | D:5      | Killed a two-headed ogre
  4703 | D:5      | Reached XP level 8. HP: 21/74 MP: 7/7
  5032 | D:5      | Noticed Blork the orc
  5038 | D:5      | Killed Blork the orc
  6063 | D:6      | Reached XP level 9. HP: 68/81 MP: 8/8
  6216 | D:6      | Noticed a manticore
  6338 | D:6      | Gained mutation: You are resistant to electric shocks.
                  | (rElec) [potion of mutation]
  6338 | D:6      | Gained mutation: You have large cloven feet. [potion of
                  | mutation]
  6338 | D:6      | Gained mutation: Your flesh is heat resistant. (rF+)
                  | [potion of mutation]
  7197 | D:6      | HP: 1/123 [manticore (15)]
  7197 | D:6      | Slain by a manticore

Illustrated notes

Levels and vault maps discovered:
D:1:      dpeg_chamrin_arrival_tetris, layout_basic,
          shapermc_ecumenical_altar_gd, serial_forest,
          infiniplex_forest_lined_room_2, infiniplex_forest_clump_curved,
          infiniplex_forest_straight_2, infiniplex_forest_lined_4_way,
          infiniplex_forest_end_2
D:2:      layout_basic, grunt_ministairs_13, kennysheep_jessica_study
D:3:      kennysheep_six_static_rooms, layout_rooms, uniq_sigmund, uniq_jessica
D:4:      layout_loops_corners
D:5:      layout_gridville, serial_shops, shop, uniq_blork_the_orc
D:6:      layout_basic

Skill      XL: |  1  2  3  4  5  6  7  8  9 |
---------------+----------------------------+-----
Armour         | 4 5 6 7 8 |  8.8
Fighting       | 4 5 6 7 8 |  8.8
Shields        | 4 5 |  5.0
Maces & Flails | 3 4 |  4.1
Staves         | 1 6 7 8 |  8.7

Action                   |  1- 3 |  4- 6 |  7- 9 || total
-------------------------+-------+-------+-------++-------
Melee: Flail             |   115 |    70 |    18 ||   203
       Headbutt          |    22 |    13 |    23 ||    58
       Lajatang          |       |    21 |   136 ||   157
       Kick              |       |       |     7 ||     7
       Short sword       |       |       |     4 ||     4
       Punch             |       |       |     1 ||     1
Throw: Boomerang         |       |     9 |     9 ||    18
       Javelin           |       |       |     8 ||     8
Evoke: Wand              |       |       |     2 ||     2
  Use: Scroll            |     2 |     5 |    10 ||    17
       Potion            |       |     3 |    12 ||    15
Armor: Scale mail        |    39 |       |       ||    39
       Chain mail        |     8 |    42 |    77 ||   127
       Skin              |       |    29 |    23 ||    52
       Plate armour      |       |       |    63 ||    63
Dodge: Dodged            |    44 |    34 |   120 ||   198
Block: Buckler           |    24 |    25 |       ||    49
